 Dungeon Crawl Stone Soup version 0.29-a0-11-ga75d3d97ab (webtiles) character file.

Game seed: 2869031255309243583

25 dohliylev the Skirmisher (level 2, -15/27 HPs)
             Began as a Minotaur Berserker on Jan 28, 2022.
             Was a Follower of Trog.
             Engulfed by a cloud of flame (24 damage)
             ... on level 2 of the Dungeon.
             The game lasted 00:01:55 (1165 turns).

dohliylev the Skirmisher (Minotaur Berserker)       Turns: 1165, Time: 00:01:55

Health: -15/27     AC:  5    Str: 21    XL:     2   Next: 86%
Magic:  1/1        EV: 11    Int: 10    God:    Trog [*.....]
Gold:   46         SH:  0    Dex:  9    Spells: 1/1 levels left

rFire   . . .      SeeInvis .   a - +0 hand axe
rCold   . . .      Faith    .   (no shield)
rNeg    . . .      Spirit   .   f - +0 ring mail {Will+}
rPois   .          Reflect  .   (helmet restricted)
rElec   .          Harm     .   (no cloak)
rCorr   .          Rampage  .   (no gloves)
Will    +....                   (no boots)
Stlth   ..........              (no amulet)
HPRegen 0.09/turn               e - +6 ring of intelligence
MPRegen 0.07/turn               (no ring)

@: no status effects
A: horns 2, retaliatory headbutt
a: Renounce Religion, Berserk


You were on level 2 of the Dungeon.
You worshipped Trog.
Trog was aware of your devotion.
You visited 1 branch of the dungeon, and saw 2 of its levels.

You collected 46 gold pieces.

Inventory:

Hand Weapons
 a - a +0 hand axe (weapon)
Armour
 f - a +0 ring mail of willpower (worn)
Jewellery
 e - a +6 ring of intelligence (left hand)
Scrolls
 b - a scroll of enchant weapon {unknown}
 c - 2 scrolls of immolation {unknown}
Potions
 d - a potion of degeneration {unknown}


   Skills:
 + Level 4.2 Fighting
 + Level 4.1 Axes
 + Level 2.5 Armour
 + Level 2.5 Dodging


You had one spell level left.
You didn't know any spells.
Your spell library was empty.

Dungeon Overview and Level Annotations

Branches:
Dungeon (2/15)

Altars:

Shops:
D:1 *


Innate Abilities, Weirdness & Mutations

You have a pair of horns on your head.
You reflexively headbutt those who attack you in melee.


Message History

You see here a frilled lizard corpse.
Done exploring.
Done exploring.
There is a stone staircase leading down here.
You climb downwards.
Found a shiny ring mail.
There is a stone staircase leading up here.
An endoplasm comes into view.
The endoplasm quivers.
You slash the endoplasm!
You kill the endoplasm!
Trog accepts your kill.
You see here a +0 ring mail of willpower.
You feel clever.
e - a +6 ring of intelligence (left hand)
f - a +0 ring mail of willpower You start removing your armour.
You continue taking off your +0 animal skin. x4
You finish taking off your +0 animal skin.
You start putting on your armour.
You continue putting on your +0 ring mail of willpower. x5
You finish putting on your +0 ring mail of willpower.
You feel strong-willed.
You drop a +0 animal skin.
b - a scroll labelled UKLERU PETOVOU An adder comes into view.
Found 53 gold pieces.
The adder hisses angrily.
The adder is engulfed in blazing flames.
The adder dies!
Really walk into that dispersal trap?
Really walk into a travel-excluded area?
You enter a dispersal trap!
You blink.
Really walk into a travel-excluded area?
Okay, then.
You are engulfed in blazing flames.
Ouch! That really hurt!
You are engulfed in blazing flames.
Ouch! That really hurt!
You die...

#.. #.. #.§§
#§§§
###...######
§....$.☼☼..##
§§...$.§§§^.#
....$$.@§§..#
###...#####.#
#§. #.# #§
#.# # #.# ###
#.# #.###.#
#.....#
##.####


There were no monsters in sight!

Vanquished Creatures
  5 endoplasms
  3 goblins (D:1)
  2 hobgoblins (D:1)
  5 kobolds (D:1)
  A quokka (D:1)
  2 ball pythons (D:1)
  2 frilled lizards (D:1)
  3 rats (D:1)
23 creatures vanquished.

Vanquished Creatures (others)
  An adder (D:2)
1 creature vanquished.

Grand Total: 24 creatures vanquished

Notes
Turn   | Place    | Note
-------+----------+-------------------------------------------
     0 | D:1      | dohliylev the Minotaur Berserker began the quest for the
                  | Orb.
     0 | D:1      | Reached XP level 1. HP: 19/19 MP: 0/0
   397 | D:1      | Found Ickopnas's General Store.
   459 | D:1      | Reached XP level 2. HP: 27/27 MP: 1/1
  1165 | D:2      | Engulfed by a cloud of flame

Illustrated notes

Levels and vault maps discovered:
D:1:      dpeg_arrival_three_bigger_balls, layout_basic, serial_shops,
          nicolae_shop_behind_doors
D:2:      layout_loops_ring, basic_ecumenical_altar, lemuel_flame_loot_1

Skill      XL: |  1  2 |
---------------+-------+-----
Axes           | 4 |  4.1
Fighting       | 4 |  4.2
Armour         | |  2.5
Dodging        | |  2.5

Action                   || total
-------------------------++-------
Melee: Hand axe          ||    47
       Headbutt          ||     9
Armor: Animal skin       ||     4
Dodge: Dodged            ||    26

Table legend: (Time is in decaauts)
 A = Elapsed time spent in this place.
 B = Non-inter-level travel time spent in this place.
 C = Inter-level travel time spent in this place.
 D = Time resting spent in this place.
 E = Time spent auto-exploring this place.
 F = Levels seen in this place.
 G = Mean time per level.
                   A        B        C        D        E       F      G
               +--------+--------+--------+--------+--------+-----+--------+
         Total |   1169 |   1163 |      6 |      0 |    935 |   2 |  584.5 |
       Dungeon |   1169 |   1163 |      6 |      0 |    935 |   2 |  584.5 |
               +--------+--------+--------+--------+--------+-----+--------+

Top non-repeatable levels by time:
     D:1: 1075 daAuts
     D:2: 93 daAuts
